 Dungeon Crawl Stone Soup version 0.28-a0-1227-ga9037bb4c8 (webtiles) character file.

Game seed: 4853216132457481698

25 BinkBink the Ducker (level 2, -4/24 HPs)
             Began as a Demonspawn Monk on Dec 22, 2021.
             Slain by a gnoll (7 damage)
             ... on level 1 of the Dungeon.
             The game lasted 00:01:46 (1637 turns).

BinkBink the Ducker (Demonspawn Monk)               Turns: 1637, Time: 00:01:46

Health: -4/24      AC:  4    Str: 11    XL:     2   Next: 86%
Magic:  2/2        EV: 13    Int: 11    God:
Gold:   52         SH:  0    Dex: 15    Spells: 1/1 levels left

rFire   . . .      SeeInvis .   a - +0 short sword
rCold   . . .      Faith    .   (no shield)
rNeg    . . .      Spirit   .   b - +0 robe
rPois   .          Reflect  .   (no helmet)
rElec   .          Harm     .   (no cloak)
rCorr   .          Rampage  .   (no gloves)
Will    +....                   (no boots)
Stlth   ++........              (no amulet)
HPRegen 0.08/turn               (no ring)
MPRegen 0.08/turn               (no ring)

@: hasted, very quick
A: icy blue scales 1, strong-willed 1
a: no special abilities


You were on level 1 of the Dungeon.
You visited 1 branch of the dungeon, and saw 2 of its levels.

You collected 52 gold pieces.

Inventory:

Hand Weapons
 a - a +0 short sword (weapon)
Armour
 b - a +0 robe (worn)
Scrolls
 c - a scroll of amnesia {unknown}


   Skills:
 - Level 3.0 Fighting
 + Level 3.1 Short Blades
 + Level 3.1 Dodging
 + Level 2.3 Stealth


You had one spell level left.
You didn't know any spells.
Your spell library was empty.

Dungeon Overview and Level Annotations

Branches:
Dungeon (2/15)

Altars:


Innate Abilities, Weirdness & Mutations

You are partially covered in icy blue scales. (AC +2)
You are strong-willed. (Will+)


Message History

There is an open door here.
There is a stone staircase leading down here.
The gnoll hits you with a +0 flail!
You barely miss the gnoll. The gnoll misses you.
The gnoll shouts!
You hit the gnoll but do no damage. You barely miss the gnoll.
The gnoll hits you with a +0 flail!
You are too injured to fight recklessly!
You are too injured to fight recklessly!
The gnoll hits you with a +0 flail.
There is an open door here.
There is a stone staircase leading up here.
You climb upwards.
There is a stone staircase leading down here.
HP restored.
Done exploring.
There is an open door here.
There is a stone staircase leading down here.
You climb downwards.
There is a stone staircase leading up here.
The gnoll shouts! x2
The gnoll closely misses you. x2
You hit the gnoll but do no damage. The gnoll hits you with a +0 flail!
You hit the gnoll.
The gnoll is moderately wounded.
The gnoll barely misses you. The gnoll hits you with a +0 flail!
* * * LOW HITPOINT WARNING * * *
You are too injured to fight recklessly!
There is an escape hatch in the ceiling here.
The gnoll hits you from afar with a +0 halberd.
* * * LOW HITPOINT WARNING * * *
A mysterious force pulls you upwards. The hatch slams shut behind you.
It was a potion of mutation.
You feel extremely strange.
You feel strong-willed. The gnoll barely misses you.
It was a potion of haste.
You feel yourself speed up. The gnoll misses you.
You barely miss the gnoll.
The gnoll is moderately wounded.
The gnoll hits you with a +0 flail!
You die...

##.#####.# ######################
......##.# ### ####### ##.##.##.#
#.### #.....# #........# #.#[##
##...## #..##.##.# #....# #..##
#........# ###.## #.## #.##.#.#.#
#.# ##'## #.#.###..# #.# ##...##
#.##.#.#.# #@## ##.....##
#.#.#.##.# #g.## ##.......##
#........#######...####.........#
......................'.........'
##....#######.##................#
##.#.# #.##..#..#.........##
##..# #.##.##.⌠...#.....## #.##
#.##..#..#..##..[## #.#
#.###.##...####'##


You could see a gnoll.

Vanquished Creatures
  2 endoplasms (D:1)
  4 giant cockroaches (D:1)
  A goblin (D:1)
  2 hobgoblins (D:1)
  2 quokkas (D:2)
  A ball python (D:2)
  4 bats (D:1)
  A kobold (D:1)
  7 rats
24 creatures vanquished.

Notes
Turn   | Place    | Note
-------+----------+-------------------------------------------
     0 | D:1      | BinkBink the Demonspawn Monk began the quest for the Orb.
     0 | D:1      | Reached XP level 1. HP: 18/18 MP: 1/1
   263 | D:1      | Gained mutation: You are partially covered in icy blue
                  | scales. (AC +2) [demonic ancestry]
   263 | D:1      | Reached XP level 2. HP: 24/24 MP: 2/2
  1635 | D:1      | Gained mutation: You are strong-willed. (Will+) [potion of
                  | mutation]
  1637 | D:1      | Slain by a gnoll

Illustrated notes

Levels and vault maps discovered:
D:1:      dpeg_arrival_ternary, layout_loops_corners, hangedman_feature_mirror,
          minmay_misc_feat_iff
D:2:      layout_basic, hangedman_decor_clover_reticule,
          minmay_misc_feat_ornament, grunt_ministairs_13, palyth_stone_intersect

Skill      XL: |  1  2 |
---------------+-------+-----
Stealth        | 2 |  2.3
Short Blades   | 3 |  3.1
Dodging        | 3 |  3.1
Fighting       | |  3.0

Action                   || total
-------------------------++-------
Melee: Short sword       ||    92
  Use: Potion            ||     2
 Stab: Sleeping          ||     4
Armor: Robe              ||    16
Dodge: Dodged            ||    54

Table legend: (Time is in decaauts)
 A = Elapsed time spent in this place.
 B = Non-inter-level travel time spent in this place.
 C = Inter-level travel time spent in this place.
 D = Time resting spent in this place.
 E = Time spent auto-exploring this place.
 F = Levels seen in this place.
 G = Mean time per level.
                   A        B        C        D        E       F      G
               +--------+--------+--------+--------+--------+-----+--------+
         Total |   1634 |   1579 |     55 |      0 |   1269 |   2 |  817.0 |
       Dungeon |   1634 |   1579 |     55 |      0 |   1269 |   2 |  817.0 |
               +--------+--------+--------+--------+--------+-----+--------+

Top non-repeatable levels by time:
     D:1: 1346 daAuts
     D:2: 287 daAuts
